 Dungeon Crawl Stone Soup version 0.22-a0-776-ge6d7efa (webtiles) character file.

331 Hebeh the Conjurer (level 6, 0/32 HPs)
             Began as a Deep Elf Conjurer on July 18, 2018.
             Blown up by Ijyb (10 damage)
             ... with a wand of disintegration (10)
             ... on level 4 of the Dungeon.
             The game lasted 00:16:14 (4316 turns).

Hebeh the Conjurer (Deep Elf Conjurer)              Turns: 4316, Time: 00:16:15

Health: 0/32       AC:  2    Str:  5    XL:     6   Next: 26%
Magic:  15/16      EV: 13    Int: 22    God:
Gold:   141        SH:  0    Dex: 15    Spells: 5/16 levels left

rFire    + . .     SeeInvis .   s - -1 dagger (curse)
rCold    . . .     Gourm    .   (no shield)
rNeg     . . .     Faith    .   a - +0 robe
rPois    .         Spirit   .   (no helmet)
rElec    .         Reflect  .   (no cloak)
rCorr    .         Harm     .   (no gloves)
MR       .....                  (no boots)
Stlth    ++........             (no amulet)
HPRegen  0.10/turn              k - ring of protection from fire
MPRegen  0.15/turn              (no ring)

@: no status effects
A: no striking features
a: no special abilities


You were on level 4 of the Dungeon.
You were not hungry.

You visited 1 branch of the dungeon, and saw 4 of its levels.

You collected 141 gold pieces.

Inventory:

Hand Weapons
 b - a +0 dagger
 s - a cursed -1 dagger (weapon)
 w - a +0 flail of draining
Missiles
 d - 40 stones (quivered)
 m - 19 sling bullets
 q - 46 arrows
Armour
 a - a +0 robe (worn)
Jewellery
 k - a ring of protection from fire (left hand)
Scrolls
 e - a scroll of remove curse
 f - a scroll of magic mapping {unknown}
 j - 2 scrolls of teleportation {unknown}
 l - a scroll of random uselessness {unknown}
 o - 4 scrolls of identify
 p - a scroll of immolation {unknown}
 v - a scroll of enchant weapon {unknown}
Potions
 g - 2 potions of haste {unknown}
 h - 3 potions of curing {unknown}
 i - a potion of brilliance {unknown}
 n - 3 potions of lignification {unknown}
 r - a potion of flight {unknown}
 t - 4 potions of heal wounds {unknown}
 u - 2 potions of resistance {unknown}
 z - 2 potions of might {unknown}
 A - a potion of magic {unknown}
Comestibles
 c - 5 rations


   Skills:
 - Level 2.4 Dodging
 - Level 2.4 Stealth
 + Level 5.5 Spellcasting
 * Level 7.1 Conjurations
 + Level 1.4 Translocations


You had 5 spell levels left.
You knew the following spells:

 Your Spells              Type           Power        Failure   Level  Hunger
a - Magic Dart            Conj           ####         1%          1    None
b - Iskenderun's Mystic   Conj           #####...     4%          4    ####...
c - Searing Ray           Conj           #####.       1%          2    None
d - Force Lance           Conj/Tloc      ###.....     16%         4    ####...

Your spell library contained the following spells:

 Spells                   Type           Power        Failure   Level  Hunger
 Fulminant Prism          Conj/Hex       ###.......   22%         4    ####...
 Dazzling Spray           Conj/Hex       ###...       7%          3    ##.....


Dungeon Overview and Level Annotations

Branches:
Dungeon (4/15)
 Temple: D:4-7

Altars:
Cheibriados
Hepliaklqana
Xom

Annotations:
D:4 Ijyb


Message History

Magic restored.
You start resting.
You are feeling hungry.
You start resting.
HP restored.
You eat one of the 6 rations.
That ration really hit the spot!
You climb downwards.
Level annotation: Ijyb Ijyb hits you but does no damage.
Ijyb zaps a wand.
You are blasted!
Ouch! That really hurt!
There is a stone staircase leading up here.
Casting: Magic Dart (safe; 1% risk of failure)
Confirm with . or Enter, or press ? or * to list all spells.
Aiming: Magic Dart (safe; 1% risk of failure)
Press: ? - help, Shift-Dir - straight line, f - Ijyb
Aim: Ijyb, wielding a club, wearing a ring mail and carrying a wand of disintegration (10)
The magic dart hits Ijyb.
Ijyb is lightly wounded.
Ijyb zaps a wand.
You are blasted!
You die...

...##.?..#
...##....#
...).....##
.#....#...#
..........#
..........#
..#.##....#
# #. ###.##
. #@# # #g#
#.# #.# #.#
#.# #.# #.#


You could see Ijyb.

Vanquished Creatures
  An ogre (D:4)
  Jessica (D:3)
  7 gnolls (D:3)
  5 adders
  A worm (D:2)
  4 dart slugs
  5 leopard geckos
  3 orcs (D:3)
  5 giant cockroaches
  9 goblins
  7 hobgoblins
  7 jackals
  4 quokkas
  2 ball pythons (D:3)
  9 bats
  8 frilled lizards
  8 kobolds
  5 rats
91 creatures vanquished.

Notes
Turn   | Place    | Note
-------+----------+-------------------------------------------
     0 | D:1      | Hebeh the Deep Elf Conjurer began the quest for the Orb.
     0 | D:1      | Reached XP level 1. HP: 10/10 MP: 6/6
   198 | D:1      | Reached XP level 2. HP: 15/15 MP: 5/8
   550 | D:1      | Reached skill level 5 in Conjurations
  1154 | D:1      | Reached XP level 3. HP: 19/19 MP: 7/10
  1182 | D:1      | Learned a level 2 spell: Searing Ray
  1841 | D:2      | Found a shimmering altar of Xom.
  2003 | D:2      | Found a snail-covered altar of Cheibriados.
  2006 | D:2      | Reached XP level 4. HP: 24/24 MP: 8/12
  2036 | D:2      | Found a hazy altar of Hepliaklqana.
  2543 | D:3      | Reached skill level 6 in Conjurations
  2847 | D:3      | Reached XP level 5. HP: 28/28 MP: 8/14
  2999 | D:3      | Reached skill level 5 in Spellcasting
  3110 | D:3      | Learned a level 4 spell: Iskenderun's Mystic Blast
  3115 | D:3      | Learned a level 4 spell: Force Lance
  3893 | D:3      | Noticed Jessica
  3899 | D:3      | Killed Jessica
  4082 | D:4      | Noticed an ogre
  4085 | D:4      | Noticed Ijyb
  4086 | D:4      | Killed an ogre
  4086 | D:4      | Reached skill level 7 in Conjurations
  4086 | D:4      | Reached skill level 1 in Translocations
  4086 | D:4      | Reached XP level 6. HP: 32/32 MP: 0/16
  4316 | D:4      | Blown up by Ijyb

Vault maps used:
D:1:      dpeg_arrival_rhombi
D:2:      grunt_temple_overflow_open, nicolae_overflow_hidden_temple
D:3:      first_ration, kennysheep_jessica_study
D:4:      minivault_1, skrybe_limestone_x, corexii_leaking_fountain,
          uniq_menkaure, uniq_ijyb, uniq_pikel

Skill      XL: |  1  2  3  4  5 |
---------------+----------------+-----
Conjurations   | 5 6 7 |  7.1
Spellcasting   | 4 5 |  5.5
Translocations | 1 |  1.4
Dodging        | |  2.4
Stealth        | |  2.4

Action                   |  1- 3 |  4- 6 || total
-------------------------+-------+-------++-------
Melee: Dagger            |       |    14 ||    14
 Cast: Magic Dart        |    72 |    80 ||   152
       Searing Ray       |     1 |    12 ||    13
       Iskenderun's Myst |       |     4 ||     4
  Use: Scroll            |     3 |       ||     3
  Eat: Chunk             |     3 |     7 ||    10
       Ration            |       |     1 ||     1
Armor: Robe              |     3 |     2 ||     5
Dodge: Dodged            |     7 |    16 ||    23

Table legend:
 A = Spawn XP
 B = Non-spawn XP
 C = Spawn XP percentage of total XP
 D = Spawn monster count
 E = Non-spawn monster count
 F = Spawn count percentage of total count
 G = Total turns spent on level
                    A         B        C        D         E        F      G
               +---------+---------+-------+---------+---------+-------+---------
         Total |       0 |     473 |   0.0 |       0 |      91 |   0.0 |  4316
               +---------+---------+-------+---------+---------+-------+---------
           D:1 |       0 |      49 |   0.0 |       0 |      28 |   0.0 |  1500
           D:2 |       0 |      65 |   0.0 |       0 |      19 |   0.0 |  1032
           D:3 |       0 |     228 |   0.0 |       0 |      38 |   0.0 |  1732
           D:4 |       0 |     131 |   0.0 |       0 |       6 |   0.0 |    52
               +---------+---------+-------+---------+---------+-------+---------
